 Dungeon Crawl Stone Soup version 0.30-a0-782-ge64f9170bb (webtiles) character file.

Game seed: 2444891539529864278

201091 DavidChitty2 the Warrior (level 18, -5/174 HPs)
             Began as a Hill Orc Fighter on Mar 14, 2023.
             Was a Follower of Beogh.
             Slain by a swamp dragon (8 damage)
             ... on level 4 of the Swamp.
             The game lasted 00:46:39 (31697 turns).

DavidChitty2 the Warrior (Hill Orc Fighter)        Turns: 31697, Time: 00:46:40

Health: -5/174     AC: 21    Str: 33    XL:     18   Next: 98%
Magic:  31/31      EV: 11    Int:  8    God:    Beogh [*.....]
Gold:   1241       SH: 17    Dex: 10    Spells: 15/17 levels left

rFire   . . .      SeeInvis .    a - +9 broad axe (drain)
rCold   . . .      Faith    .    V - +0 kite shield
rNeg    . . .      Spirit   .    Z - +0 swamp dragon scales
rPois   +          Reflect  +    x - +0 helmet
rElec   .          Harm     .    N - +1 cloak
rCorr   .          Rampage  .    X - +1 pair of gloves {Stlth+}
Will    ++...                    y - +1 pair of boots
Stlth   +                        W - amulet of reflection
HPRegen 0.49/turn                c - +6 ring of strength
MPRegen 0.22/turn                K - ring of willpower

@: about to teleport, studying Fighting
A: no striking features
a: Renounce Religion


You were on level 4 of the Swamp.
You worshipped Beogh.
Beogh was aware of your devotion.
You visited 4 branches of the dungeon, and saw 26 of its levels.
You also visited: Bailey and Volcano.

You collected 2787 gold pieces.
You spent 1546 gold pieces at shops.

Inventory:

Hand Weapons
 a - a +9 broad axe of draining (weapon)
   (You took it off an orc warlord in a bailey)
Missiles
 I - 5 throwing nets (quivered) {!f}
Armour
 b - a +1 plate armour of fire resistance
   (You bought it in a shop on level 7 of the Dungeon)
 x - a +0 helmet (worn)
   (You found it on level 5 of the Dungeon)
 y - a +1 pair of boots (worn)
   (You found it on level 8 of the Dungeon)
 N - a +1 cloak (worn)
   (You took it off Crazy Yiuf on level 4 of the Dungeon)
 V - a +0 kite shield (worn)
   (You found it on level 5 of the Lair of Beasts)
 X - a +1 pair of gloves of stealth (worn)
   (You found it on level 5 of the Lair of Beasts)
 Z - +0 swamp dragon scales (worn)
   (You found it on level 2 of the Swamp)
Jewellery
 c - a +6 ring of strength (left hand)
   (You found it on level 14 of the Dungeon)
 e - an amulet of magic regeneration
   (You found it on level 3 of the Swamp)
 i - a ring of protection from fire
   (You found it on level 6 of the Dungeon)
 o - a ring of protection from cold
   (You found it on level 2 of the Swamp)
 K - a ring of willpower (right hand)
   (You found it on level 10 of the Dungeon)
 O - a +5 ring of evasion
   (You found it on level 3 of the Swamp)
 P - a ring of resist corrosion
   (You found it on level 15 of the Dungeon)
 T - a ring of positive energy
   (You found it on level 4 of the Lair of Beasts)
 W - an amulet of reflection (around neck)
   (You found it on level 5 of the Lair of Beasts)
Wands
 j - a wand of mindburst (21)
   (You found it on level 10 of the Dungeon)
 t - a wand of flame (21)
   (You took it off Jessica on level 2 of the Dungeon)
 v - a wand of digging (15)
   (You found it on level 3 of the Lair of Beasts)
 w - a wand of roots (19)
   (You found it on level 3 of the Dungeon)
 B - a wand of charming (38)
   (You found it on level 6 of the Dungeon)
 C - a wand of polymorph (36)
   (You took it off Maggie on level 6 of the Dungeon)
Scrolls
 g - 4 scrolls of poison {!r}
 k - 4 scrolls of immolation {!r}
 l - 12 scrolls of teleportation {@r4}
 m - 15 scrolls of identify {@r1}
 u - a scroll of butterflies
 z - 8 scrolls of magic mapping
 G - 4 scrolls of enchant weapon
 H - a scroll of vulnerability {!r}
 M - 4 scrolls of enchant armour
 S - 3 scrolls of silence
 U - 2 scrolls of fog
 Y - 4 scrolls of fear
Potions
 d - 4 potions of might
 f - 8 potions of haste {@q3}
 h - 7 potions of cancellation
 n - 8 potions of brilliance
 p - 9 potions of heal wounds {@q2}
 q - 4 potions of resistance
 r - 7 potions of lignification {!q}
 s - 10 potions of mutation {!q}
 A - 5 potions of magic
 D - a potion of berserk rage
 F - 5 potions of attraction {!q}
 J - 4 potions of flight
 L - 3 potions of ambrosia
 Q - 10 potions of curing {@q1}
 R - a potion of invisibility


   Skills:
 + Level 18.8 Fighting
 - Level 18.0 Axes
 + Level 15.6 Armour
 - Level 4.4 Dodging
 - Level 15.0 Shields
 + Level 18.5 Invocations


You had 15 spell levels left.
You knew the following spells:

 Your Spells              Type           Power      Damage    Failure   Level
b - Blink                 Tloc           0%         N/A       82%         2

Your spell library contained the following spells:

 Spells                   Type           Power      Damage    Failure   Level
 Beastly Appendage        Tmut           0%         N/A       67%         1
 Magic Dart               Conj           0%         1d3       67%         1
 Slow                     Hex            0%         N/A       67%         1
 Call Imp                 Summ           0%         N/A       82%         2
 Cigotuvi's Dreadful Rot  Necr/Pois/Air  0%         N/A       82%         2
 Ensorcelled Hibernation  Hex/Ice        0%         N/A       82%         2
 Lesser Beckoning         Tloc           0%         N/A       82%         2
 Momentum Strike          Conj/Tloc      0%         3d8       82%         2
 Poisonous Vapours        Pois/Air       0%         N/A       82%         2
 Confusing Touch          Hex            0%         N/A       96%         3
 Inner Flame              Hex/Fire       0%         N/A       96%         3
 Mephitic Cloud           Conj/Pois/Air  0%         N/A       96%         3
 Spider Form              Tmut/Pois      0%         N/A       96%         3
 Vampiric Draining        Necr           0%         2d6       96%         3
 Anguish                  Hex/Necr       0%         N/A       100%        4
 Animate Armour           Summ/Erth      0%         N/A       100%        4
 Flame Wave               Conj/Fire      0%         2d4       100%        4
 Ice Form                 Ice/Tmut       0%         N/A       100%        4
 Sticky Flame             Conj/Fire      0%         2d3       100%        4
 Alistair's Intoxication  Tmut/Pois      0%         N/A       100%        5
 Blade Hands              Tmut           0%         N/A       100%        5
 Borgnjor's Vile Clutch   Necr/Erth      0%         N/A       100%        5
 Conjure Ball Lightning   Conj/Air       0%         3x3d6     100%        6
 Eringya's Noxious Bog    Tmut/Pois      0%         N/A       100%        6
 Iron Shot                Conj/Erth      0%         9d1       100%        6
 Statue Form              Tmut/Erth      0%         N/A       100%        6
 Enfeeble                 Hex            0%         N/A       100%        7
 Monstrous Menagerie      Summ           0%         N/A       100%        7
 Necromutation            Tmut/Necr      0%         N/A       100%        8


Dungeon Overview and Level Annotations

Branches:
Dungeon (15/15)            Temple (0/1) D:4            Lair (5/5) D:11
  Swamp (4/4) Lair:2       Spider (0/4) Lair:3        Slime (0/5) Lair:4
    Orc (2/2) D:12            Elf (0/3) Orc:2        Vaults (0/5) D:14
 Depths (0/4) D:15         Bailey (visited)         Volcano (visited)

Altars:
Cheibriados
Dithmenos
Elyvilon
Fedhas
Hepliaklqana
Kikubaaqudgha
Makhleb
Nemelex Xobeh
Qazlal
Ru
Uskayaw
Vehumet
Wu Jian
Xom
The Shining One
Jiyva

Shops:
D:7 [   D:11 *   D:12 *   Orc:2 !:[:**:!

Annotations:
D:8 1 runed translucent door, Xenophilius's ghost, novice NaDe
Lair:4 1 runed translucent door
Swamp:4 Lernaean hydra


Message History

Moving in this stuff is going to be slow.
Your surroundings suddenly seem different.
Splash!
An eight-headed hydra comes into view.
The eight-headed hydra roars!
You hear a roar!
The eight-headed hydra bites you but does no damage. x2
You block the eight-headed hydra's attack.
The eight-headed hydra barely misses you.
You block the eight-headed hydra's attack.
The eight-headed hydra bites you!
* * * LOW HITPOINT WARNING * * *
The eight-headed hydra bites you but does no damage. x2
As you read the scroll of teleportation {@r4}, it crumbles to dust.
You feel strangely unstable.
A six-headed hydra comes into view.
The eight-headed hydra closely misses you.
You block the eight-headed hydra's attack.
The eight-headed hydra bites you!
* * * LOW HITPOINT WARNING * * *
The eight-headed hydra bites you but does no damage.
You block the eight-headed hydra's attack.
The eight-headed hydra bites you but does no damage.
You block the eight-headed hydra's attack.
The eight-headed hydra bites you but does no damage.
You feel much better.
The six-headed hydra roars!
The swamp dragon misses you. You block the swamp dragon's attack.
The swamp dragon tramples you but does no damage.
The eight-headed hydra bites you but does no damage. x2
You block the eight-headed hydra's attack.
The eight-headed hydra misses you.
You block the eight-headed hydra's attack.
The eight-headed hydra bites you but does no damage. x2
The eight-headed hydra bites you!
* * * LOW HITPOINT WARNING * * *
The swamp dragon attacks as you move away!
You block the swamp dragon's attack. The swamp dragon claws you.
* * * LOW HITPOINT WARNING * * *
The swamp dragon tramples you but does no damage.
You block the eight-headed hydra's attack.
The eight-headed hydra barely misses you.
You block the eight-headed hydra's attack.
The eight-headed hydra misses you.
The eight-headed hydra bites you but does no damage. x3
The eight-headed hydra bites you.
* * * LOW HITPOINT WARNING * * *
The swamp dragon bites you!
* * * LOW HITPOINT WARNING * * *
You block the swamp dragon's attack. The swamp dragon tramples you!
You die...

~♣♣♣ .. #..~♣### ~~~♣♣ #D
#.~†...# ~~~~♣ #.. #≈.# ~~~♣♣ #..
#≈.# ~§.♣ #~≈# ##≈~# ~~~♣ #.≈##
##≈.## ~~~♣ #D~#####..## .~~♣
#.~.≈♣~.## ..~♣ ##D@~.≈## ..♣♣♣
##D~.## ~♣♣.♣♣ #D≈.# .§.~.♣♣#
#.≈.# ♣♣ §....~.♣♣♣♣♣♣♣♣♣~≈.♣♣
♣♣.
~..~~..♣♣..♣♣..~..[.♣♣♣♣♣♣♣♣♣♣♣~.
..~.....~.~.~....~÷..~♣♣..♣♣.♣...
~..§~...~.~.~..~.~..~.~....~.~...
.(...~..~..)~.~.........~.~......


You could see the 27-headed Lernaean hydra, an eight-headed hydra, a six-headed
hydra and a swamp dragon.

Vanquished Creatures
  Jorgrun (D:13)
  Roxanne (Swamp:1)
  Kirke (Swamp:2)
  3 fenstrider witches
  Aizul (Swamp:3)
  An orc warlord (Bailey)
  Nessos (D:15)
  An eleionoma (Swamp:2)
  5 bunyips
  A red draconian (Volcano)
  3 shambling mangroves
  Josephine (D:11)
  A fire dragon (D:14)
  Erolcha (D:9)
  An ice dragon (D:15)
  21 hydras
  Harold (D:11)
  3 catoblepae
  2 ghost crabs
  2 centaur warriors
  4 two-headed ogres
  A boulder beetle (Lair:1)
  8 alligators
  13 death yaks
  An orc high priest (Orc:2)
  A salamander mystic (Volcano)
  4 goliath frogs
  8 swamp dragons
  An orange crystal statue (D:10)
  7 bog bodies
  Pikel (D:5)
  An orc knight (Bailey)
  3 necromancers (D:14)
  2 cyclopes
  2 manticores
  2 oklob plants (Lair:5)
  An orc sorcerer (Orc:2)
  3 will-o-the-wisps
  4 salamanders (Volcano)
  8 ugly things
  12 elephants
  2 black mambas
  Joseph (D:8)
  A gargoyle (D:11)
  Maggie (D:6)
  A torpor snail (Lair:2)
  6 rime drakes
  9 cane toads
  Psyche (D:8)
  A freezing wraith (D:14)
  A kobold demonologist (D:13)
  An efreet (D:15)
  3 komodo dragons
  A tengu conjurer (D:15)
  3 trolls
  3 tyrant leeches
  3 polar bears
  10 hornets
  12 blink frogs
  2 culicivoras (Lair:3)
  3 dream sheep (Lair:4)
  3 jumping spiders (Lair:3)
  Sigmund (D:2)
  6 spriggans
  9 slime creatures
  A shadow (D:9)
  11 humans (D:14)
  32 yaks
  Eustachio (D:5)
  4 wyverns
  5 wraiths (D:11)
  4 basilisks
  2 hogs (Swamp:1)
  6 redbacks (Lair:3)
  2 steam dragons (D:9)
  A warg (Orc:2)
  8 vampire mosquitoes
  2 acid dragons
  15 swamp worms
  2 swamp drakes (Swamp:4)
  5 water moccasins
  2 ice beasts
  5 black bears
  A sky beast (D:7)
  18 orc warriors
  5 wolves (Lair:5)
  6 ogres
  4 centaurs
  2 phantoms (D:5)
  2 lemures (D:5)
  8 kobold brigands
  8 bullfrogs
  A necrophage (D:3)
  3 scorpions
  9 wights
  20 killer bees
  3 electric eels
  4 howler monkeys
  3 jellies
  Crazy Yiuf (D:4)
  9 orc priests
  A gnoll bouda (D:6)
  3 hounds
  Jessica (D:2)
  3 iguanas
  9 orc wizards
  Robin (D:1)
  10 adders
  15 gnolls
  2 river rats (D:5)
  2 shadow imps
  A white imp (D:8)
  An ufetubus (D:6)
  2 worms
  A dart slug (D:5)
  44 orcs
  3 ball pythons
  5 endoplasms
  3 giant cockroaches
  23 hobgoblins
  8 jackals
  8 bats
  3 frilled lizards
  25 goblins
  35 kobolds
  10 rats
657 creatures vanquished.

Vanquished Creatures (collateral kills)
  Snorg (Orc:1)
  A vault guard (D:14)
  A centaur warrior (D:14)
  An ice dragon (D:15)
  A hydra (Lair:3)
  A deep troll shaman (Lair:5)
  An alligator (Swamp:2)
  5 death yaks
  An orc high priest (Orc:2)
  A swamp dragon (Swamp:2)
  A lindwurm (Lair:5)
  2 wizards (D:14)
  A deep elf pyromancer (D:14)
  5 ugly things (D:14)
  3 orc knights (Orc:2)
  2 orc sorcerers (Orc:2)
  2 elephants
  2 torpor snails (Lair:4)
  2 efreet
  4 rime drakes
  2 komodo dragons
  2 kobold demonologists (D:13)
  5 cane toads
  A tyrant leech (Swamp:2)
  2 trolls
  4 blink frogs
  3 dream sheep (Lair:4)
  3 slime creatures
  2 wraiths
  9 yaks
  2 basilisks
  A wyvern (D:11)
  8 humans (D:14)
  4 vampire mosquitoes (D:14)
  A steam dragon (D:11)
  8 water moccasins
  3 orc warriors (Orc:2)
  2 ogres
  A wolf (Lair:5)
  A centaur (D:11)
  A bullfrog (Lair:3)
  2 killer bees (D:11)
  2 orc priests
  5 orc wizards
  12 orcs
  2 goblins (Bailey)
  A hobgoblin (Bailey)
  2 kobolds
129 creatures vanquished.

Vanquished Creatures (others)
  An orc warlord (Lair:5)
  2 orc high priests (Orc:2)
  3 orc knights (Orc:2)
  2 bloated husks
  A hornet (Swamp:3)
  2 spriggans
  7 orc warriors
  6 orc priests
  7 orc wizards
  21 orcs
  A bat (D:2)
  A goblin (D:3)
  12 foxfires
  24 fungi
  56 plants
146 creatures vanquished.

Grand Total: 932 creatures vanquished

Notes
Turn   | Place    | Note
-------+----------+-------------------------------------------
     0 | D:1      | DavidChitty2 the Hill Orc Fighter began the quest for the
                  | Orb.
     0 | D:1      | Reached XP level 1. HP: 19/19 MP: 1/1
   151 | D:1      | Reached XP level 2. HP: 27/27 MP: 2/2
   488 | D:2      | Found an ornate altar of the Wu Jian Council.
   495 | D:2      | Reached XP level 3. HP: 33/33 MP: 3/3
   572 | D:2      | Identified the +1 helmet "Cuapn" {rC- Will+ Int+7 Stlth+}
   572 | D:2      | Noticed Robin
   649 | D:1      | Reached XP level 4. HP: 33/40 MP: 4/4
   715 | D:1      | Killed Robin
   814 | D:2      | Reached XP level 5. HP: 31/47 MP: 5/5
   984 | D:2      | Noticed Sigmund
  1001 | D:2      | Killed Sigmund
  1002 | D:2      | Reached skill level 5 in Axes
  1002 | D:2      | Reached XP level 6. HP: 55/55 MP: 6/6
  1004 | D:2      | Noticed Jessica
  1013 | D:2      | Killed Jessica
  1306 | D:3      | Reached skill level 5 in Fighting
  1349 | D:3      | Found a sacrificial altar of Ru.
  1402 | D:3      | Reached XP level 7. HP: 19/61 MP: 7/7
  1813 | D:3      | Became a worshipper of Beogh the Brigand
  2227 | D:4      | Reached skill level 5 in Armour
  2227 | D:4      | Reached skill level 5 in Shields
  2231 | D:4      | Reached skill level 1 in Invocations
  2751 | D:4      | Found a staircase to the Ecumenical Temple.
  2760 | D:4      | Identified the +4 falchion of Pandemonium {vamp, Str+5
                  | Int+3}
  2928 | D:4      | Found a runed translucent door.
  2931 | D:4      | Noticed Crazy Yiuf
  2941 | D:4      | Killed Crazy Yiuf
  3026 | D:5      | Entered Level 5 of the Dungeon
  3079 | D:5      | Noticed Pikel
  3089 | D:5      | Killed Pikel
  3090 | D:5      | Reached XP level 8. HP: 52/70 MP: 8/10
  3180 | D:5      | Found a snail-covered altar of Cheibriados.
  3446 | D:5      | Reached * piety under Beogh
  3572 | D:5      | Reached XP level 9. HP: 78/78 MP: 12/12
  4238 | D:5      | Noticed Eustachio
  4251 | D:5      | Killed Eustachio
  4252 | D:5      | Reached skill level 10 in Axes
  4390 | D:6      | Noticed Maggie
  4408 | D:6      | Killed Maggie
  4409 | D:6      | Reached skill level 5 in Invocations
  4696 | D:6      | Reached ** piety under Beogh
  4916 | D:6      | Found an ancient bone altar of Kikubaaqudgha.
  5620 | D:7      | Reached XP level 10. HP: 82/88 MP: 14/14
  6043 | D:7      | Found Kacruybo's Antique Armour Boutique.
  6145 | D:8      | Noticed Joseph
  6156 | D:8      | Killed Joseph
  6250 | D:8      | Noticed Psyche
  6263 | D:8      | Killed Psyche
  6409 | D:8      | Found a stormy altar of Qazlal.
  6430 | D:8      | Found a shimmering altar of Xom.
  6430 | D:8      | Found a shimmering altar of Xom.
  6554 | D:8      | Got the Grimoire of Destructive Production
  7049 | D:8      | Noticed Xenophilius's ghost (novice NaDe)
  7147 | D:8      | Found a shimmering altar of Xom.
  7147 | D:8      | Found a shimmering altar of Xom.
  7200 | D:8      | Found a shimmering altar of Xom.
  7264 | D:8      | Found a runed translucent door.
  7288 | D:8      | Found a blossoming altar of Fedhas.
  7558 | D:8      | Found a shimmering altar of Xom.
  7560 | D:8      | Found a shimmering altar of Xom.
  7564 | D:8      | Found a shimmering altar of Xom.
  7812 | D:9      | Reached *** piety under Beogh
  7940 | D:9      | Noticed Erolcha
  7943 | D:9      | Killed Erolcha
  8128 | D:9      | Found a large runed translucent door.
  8128 | D:9      | Found a large runed translucent door.
  8153 | D:9      | Paralysed by a hornet for 2 turns
  8363 | D:9      | Reached XP level 11. HP: 53/95 MP: 16/16
  8604 | D:9      | Found a white marble altar of Elyvilon.
  8691 | D:9      | Found a shadowy altar of Dithmenos.
  8691 | D:9      | Found a burning altar of Makhleb.
  8944 | D:9      | Found a glowing golden altar of the Shining One.
  9665 | D:9      | Found a sparkling altar of Nemelex Xobeh.
  9681 | D:9      | Found a hazy altar of Hepliaklqana.
  9733 | D:10     | Entered Level 10 of the Dungeon
  9761 | D:10     | Found a hide-covered altar of Uskayaw.
  9824 | D:10     | Found a flagged portal.
  9840 | Bailey   | Entered a bailey
 10197 | Bailey   | Noticed an orc knight
 10206 | Bailey   | Killed an orc knight
 10433 | Bailey   | Noticed an orc warlord
 10438 | Bailey   | Killed an orc warlord
 10736 | D:7      | Bought a runed plate armour for 624 gold pieces
 10942 | D:10     | Noticed an orange crystal statue
 10946 | D:10     | Killed an orange crystal statue
 11216 | D:10     | Noticed a two-headed ogre
 11223 | D:10     | Killed a two-headed ogre
 11886 | D:11     | Found Fiytot's Assorted Antiques.
 11902 | D:11     | Reached skill level 10 in Fighting
 12013 | D:11     | Noticed a cyclops
 12021 | D:11     | Killed a cyclops
 12183 | D:11     | Reached XP level 12. HP: 79/106 MP: 18/18
 12291 | D:11     | Found a staircase to the Lair.
 12442 | D:11     | Noticed Harold
 12453 | D:11     | Killed Harold
 12640 | D:11     | Reached skill level 15 in Axes
 12643 | D:11     | Noticed Josephine
 12647 | D:11     | Killed Josephine
 13342 | Lair:1   | Entered Level 1 of the Lair of Beasts
 13342 | Lair:1   | Noticed a boulder beetle
 13345 | Lair:1   | Killed a boulder beetle
 13442 | Lair:1   | Identified the +1 robe of Bowuec {rCorr}
 13502 | Lair:1   | Reached skill level 10 in Invocations
 13665 | Lair:1   | Reached skill level 10 in Armour
 13783 | Lair:1   | Reached skill level 10 in Shields
 14274 | Lair:1   | Noticed a catoblepas
 14285 | Lair:1   | Killed a catoblepas
 14648 | Lair:2   | Reached XP level 13. HP: 116/116 MP: 20/20
 15063 | Lair:2   | Found a staircase to the Swamp.
 16047 | Lair:2   | Reached **** piety under Beogh
 16189 | Lair:3   | Gained Borgk as an ally
 16415 | Lair:3   | Found a hole to the Spider Nest.
 17293 | Lair:4   | Found a dark tunnel.
 17308 | Volcano  | Entered a volcano
 17698 | Volcano  | Noticed a red draconian
 17702 | Volcano  | Killed a red draconian
 17792 | Volcano  | Gained Arbeogh as an ally
 17793 | Volcano  | Reached XP level 14. HP: 113/127 MP: 23/23
 17982 | Lair:4   | Found a runed translucent door.
 17982 | Lair:4   | Found a viscous altar of Jiyva.
 18046 | Lair:4   | Found a staircase to the Slime Pits.
 18046 | Lair:4   | Noticed an acid blob
 18877 | Lair:5   | Entered Level 5 of the Lair of Beasts
 18935 | Lair:5   | Your ally Borgk died
 19856 | Lair:5   | Reached ***** piety under Beogh
 21000 | D:12     | Found Oresecok's Assorted Antiques.
 21054 | D:12     | Reached XP level 15. HP: 137/137 MP: 25/25
 21579 | D:12     | Found a staircase to the Orcish Mines.
 21857 | D:13     | Noticed Jorgrun
 21862 | D:13     | Killed Jorgrun
 21989 | D:13     | Learned a level 2 spell: Blink
 22826 | D:14     | Identified a scroll of acquirement
 22853 | D:14     | Acquired a manual of Fighting
 22890 | D:14     | Found a gate to the Vaults.
 23048 | D:14     | Reached skill level 15 in Fighting
 23051 | D:14     | Reached skill level 15 in Invocations
 23587 | D:15     | Entered Level 15 of the Dungeon
 23588 | D:15     | Identified the +4 falchion of the Madman {protect, Str+3
                  | Stlth+}
 23637 | D:15     | Noticed Nessos
 23645 | D:15     | Killed Nessos
 23650 | D:15     | Found a staircase to the Depths.
 23838 | D:15     | Found a radiant altar of Vehumet.
 24240 | Orc:1    | Entered Level 1 of the Orcish Mines
 24268 | Orc:1    | Noticed Snorg
 24275 | Orc:1    | Killed Snorg
 24408 | Orc:2    | Entered Level 2 of the Orcish Mines
 24408 | Orc:2    | Found Jyazem's Book Boutique.
 24439 | Orc:2    | Found a staircase to the Elven Halls.
 24779 | Orc:2    | Found Bogul's Distillery.
 24792 | Orc:2    | Bought a potion of heal wounds for 75 gold pieces
 24891 | Orc:2    | Gained Gorbash as an ally
 24903 | Orc:2    | Your ally Gorbash died
 24907 | Orc:2    | Bought a potion of invisibility for 120 gold pieces
 24956 | Orc:2    | Found Saytac's General Store.
 25016 | Orc:2    | Paralysed by an orc sorcerer for 5 turns
 25156 | Orc:2    | Found Wenyxadi's General Store.
 25193 | Orc:2    | Found Imekhlusk's Book Emporium.
 25220 | Orc:2    | Gained Morbeogh as an ally
 25228 | Orc:2    | Your ally Morbeogh died
 25233 | Orc:2    | Your ally Arbeogh died
 25244 | Orc:2    | Found Ruutei's Book Boutique.
 25352 | Orc:2    | Found Lonko's Antique Armour Boutique.
 25359 | Orc:2    | Bought a faintly humming helmet for 313 gold pieces
 25359 | Orc:2    | Identified the +1 helmet "Suerac" {rF- rN++} (You bought it
                  | in a shop on level 2 of the Orcish Mines)
 25364 | Orc:2    | Found Heawot's Distillery.
 25373 | Orc:2    | Bought 2 potions of heal wounds for 150 gold pieces
 25544 | Orc:2    | Bought a runed scarf for 264 gold pieces
 25809 | Swamp:1  | Entered Level 1 of the Swamp
 25971 | Swamp:1  | Reached XP level 16. HP: 127/151 MP: 27/27
 26748 | Swamp:1  | Identified Roxanne's Quarto of Shapes
 26748 | Swamp:1  | Noticed Roxanne
 26758 | Swamp:1  | Killed Roxanne
 27342 | Swamp:2  | Noticed a fenstrider witch
 27355 | Swamp:2  | Killed a fenstrider witch
 27534 | Swamp:2  | Gained Orik as an ally
 28045 | Swamp:2  | Noticed Kirke
 28162 | Swamp:2  | Killed Kirke
 28353 | Swamp:2  | Reached XP level 17. HP: 158/158 MP: 29/29
 28354 | Swamp:2  | Reached XP level 18. HP: 167/167 MP: 30/30
 28872 | Swamp:3  | Noticed Aizul
 28880 | Swamp:3  | Killed Aizul
 29602 | Swamp:3  | Reached skill level 15 in Armour
 29821 | Swamp:3  | Reached skill level 15 in Shields
 30182 | Swamp:4  | Entered Level 4 of the Swamp
 31684 | Swamp:4  | Noticed the 27-headed Lernaean hydra
 31695 | Swamp:4  | HP: 4/174 [eight-headed hydra (10)]
 31697 | Swamp:4  | Slain by a swamp dragon

Illustrated notes

Levels and vault maps discovered:
D:1:      evilmike_arrival_plus, layout_basic
D:2:      layout_rooms, basic_altar, uniq_sigmund, uniq_jessica, uniq_robin
D:3:      layout_rooms, mainiacjoe_overflow_alcove_4
D:4:      layout_cave_pools, minmay_temple_entry_from_below_a,
          ebering_dispersal_statue_hall, st_stairs_1, uniq_crazy_yiuf_cottage
D:5:      cheibrodos_thug_alley, layout_basic,
          mainiacjoe_overflow_surrounded_room, portal_sewer_entry_e,
          minmay_quadrilaterals, uniq_pikel, uniq_eustachio
D:6:      layout_basic, lemuel_crystal_altar, uniq_maggie
D:7:      layout_cave_pods, serial_shops, nicolae_lakefront_shop
D:8:      layout_basic, xom_shifter_show, fedhas_altar_1, kennysheep_mini_moat,
          hellmonk_ghost_happy_afterlife, uniq_psyche, uniq_joseph
D:9:      layout_loops_corners, nicolae_elyvilon_temple_path,
          nicolae_overflow_crystal_walls, amethyst_overflow_temple_binary,
          jmf_multi_god_temple2, kennysheep_small_square, uniq_erolcha
D:10:     layout_loops_corners, eat_drink_and_be_merry_uskayaw, enter_bailey_3,
          minivault_16, grunt_decor_mini_mirrors
D:11:     layout_long_grid, erik_lair_dragon, serial_shops,
          nicolae_take_the_stairs, uniq_josephine, uniq_harold
D:12:     layout_stronghold, hiddenorc1_lemuel, serial_shops, shop,
          chequers_serial_rivers_micro_d
D:13:     layout_basic, nicolae_yredelemnul_corpse_copse, uniq_jorgrun
D:14:     layout_grid_maze, grunt_vaults_entry_tiered,
          minmay_misc_feat_four_crosses, grunt_ogre_cave
D:15:     grunt_enter_depths_hoard, layout_cross, nicolae_vehumet_altar_sigil,
          hangedman_decor_peaks_small, uniq_nessos
Lair:1:   layout_regular_city
Lair:2:   layout_concentric_octagons, skrybe_swamp_entry_bodies,
          lemuel_fruit_tree
Lair:3:   layout_cave_shapes, nicolae_spider_entry_tight_spaces
Lair:4:   layout_roguey, slime_entry_2, enter_volcano_2, st_stairs_8,
          grunt_forest_small_clearings, chequers_serial_rivers_micro_b,
          lemuel_fruit_fields, serial_bayou_shore_a
Lair:5:   grunt_lair_end_beastmaster, layout_cellular_growth,
          chequers_serial_rivers_micro_e, minmay_lair_oklob_bushes,
          minmay_hedge_maze, minmay_lair_drake_nest, grunt_megastairs_1
Swamp:1:  layout_basic_swamp, infiniplex_staircase_pool, uniq_roxanne
Swamp:2:  layout_falls_marsh, hangedman_swamp_cone, nicolae_swamp_baby_hydras,
          uniq_kirke
Swamp:3:  layout_basic_swamp, nicolae_swamp_little_tower, swamp_pool3,
          uniq_aizul
Swamp:4:  swamp_basic_johnstein, layout_basic_swamp, swamp_pool1,
          nicolae_swamp_tree_designs
Orc:1:    layout_diamond_mine, nicolae_orc_lava_tube, uniq_snorg
Orc:2:    st_orc_elflike, layout_caves, serial_shops, shop,
          nicolae_shop_hallway_plus, shop, nicolae_shop_window_shopping,
          nicolae_orc_stony_grotto

Skill      XL: |  1  2  3  4  5  6  7  8  9 10 11 12 13 14 15 16 17 18 |
---------------+-------------------------------------------------------+-----
Axes           | 3 4 5 6 8 9 11 12 14 16 18 | 18.0
Fighting       | 4 5 6 7 8 10 11 12 13 16 17 18 | 18.8
Armour         | 4 5 6 7 8 9 10 11 12 14 15 | 15.6
Shields        | 4 5 6 7 8 9 10 11 12 14 15 | 15.0
Invocations    | 3 4 6 7 9 10 12 13 15 17 18 | 18.5
Dodging        | 4 |  4.4

Action                     |  1- 3 |  4- 6 |  7- 9 | 10-12 | 13-15 | 16-18 || total
---------------------------+-------+-------+-------+-------+-------+-------++-------
  Melee: War axe           |    90 |   109 |   291 |   399 |       |       ||   889
         Broad axe         |       |       |       |   211 |   665 |   302 ||  1178
 Invoke: Convert to Beogh  |       |       |     1 |       |       |       ||     1
         Smiting           |       |       |       |    23 |    18 |    38 ||    79
         Give Item to Name |       |       |       |       |     1 |       ||     1
  Evoke: Wand              |       |       |       |     2 |       |       ||     2
    Use: Potion            |       |     1 |     1 |       |     3 |     6 ||    11
         Scroll            |       |       |    19 |    11 |    10 |     4 ||    44
   Stab: Distracted        |       |       |       |     6 |    13 |       ||    19
         Petrifying        |       |       |       |       |     1 |       ||     1
         Petrified         |       |       |       |       |     1 |       ||     1
 Armour: Scale mail        |    40 |       |       |       |       |       ||    40
         Chain mail        |    33 |    94 |   143 |   198 |       |       ||   468
         Plate armour      |       |       |       |    85 |   237 |    42 ||   364
         Ring mail         |       |       |       |    25 |    82 |       ||   107
         Skin              |       |       |       |       |     2 |       ||     2
         Swamp dragon scal |       |       |       |       |       |   155 ||   155
  Dodge: Dodged            |    44 |    64 |    67 |   190 |   126 |   109 ||   600
  Block: Buckler           |    26 |    39 |    79 |   140 |    78 |       ||   362
         Kite shield       |       |       |       |       |   246 |   320 ||   566
         Reflection        |       |       |       |       |    20 |    10 ||    30

Table legend: (Time is in decaauts)
 A = Elapsed time spent in this place.
 B = Non-inter-level travel time spent in this place.
 C = Inter-level travel time spent in this place.
 D = Time resting spent in this place.
 E = Time spent auto-exploring this place.
 F = Levels seen in this place.
 G = Mean time per level.
                   A        B        C        D        E       F      G
               +--------+--------+--------+--------+--------+-----+--------+
         Total |  31774 |  30114 |   1660 |   5541 |  19341 |  28 | 1134.8 |
       Dungeon |  16109 |  15212 |    897 |   1201 |  11207 |  15 | 1073.9 |
          Lair |   7195 |   6927 |    268 |   1598 |   4317 |   5 | 1439.0 |
         Swamp |   5720 |   5438 |    282 |   2444 |   2138 |   4 | 1430.0 |
  Orcish Mines |   1367 |   1156 |    211 |      0 |    901 |   2 |  683.5 |
        Bailey |    813 |    813 |      0 |    163 |    437 |   1 |  813.0 |
       Volcano |    569 |    569 |      0 |    135 |    340 |   1 |  569.0 |
               +--------+--------+--------+--------+--------+-----+--------+

Top non-repeatable levels by time:
     D:9: 2056 daAuts
  Lair:5: 1845 daAuts
    D:11: 1674 daAuts
  Lair:2: 1650 daAuts
 Swamp:2: 1585 daAuts
     D:8: 1583 daAuts
 Swamp:4: 1543 daAuts
  Lair:1: 1534 daAuts
 Swamp:1: 1519 daAuts
    D:14: 1398 daAuts
     D:5: 1264 daAuts
    D:10: 1186 daAuts
     D:7: 1097 daAuts
  Lair:3: 1095 daAuts
 Swamp:3: 1072 daAuts
